Map: King's Cove LE

Players

Lillekanin

  • Race: Terran Terran
  • Spawn Location: 5:00

IndyKNerazim - Winner!

  • Race: Protoss Protoss
  • Spawn Location: 11:00

Event: 2019 WCS Summer

VOD

Have the link to the VOD?

Description

Time

  • Played on: July 12, 2019, 6:46 a.m.
  • Length: 11:07

All games in this series

Show
View Real Time Build Order
Export as new Build Order

Lillekanin Terran 

Build Orders:  

Get SALT Encoding   

  12  0:01  SCV  
  13  0:14  SCV  
  14  0:19  Supply Depot  
  14  0:43  Barracks  
  14  0:49  Barracks  
  14  0:56  Refinery  
  14  1:03  Refinery  
  14  1:08  SCV  
  15  1:31  Orbital Command  
  15  1:34  Reaper  
  16  1:43  Reaper  
  17  1:56  SCV  
  18  2:06  Reaper  
  19  2:08  Supply Depot  
  19  2:15  Reaper  
  20  2:17  SCV  
  22  2:30  SCV  
  22  2:38  Reaper  
  22  2:42  SCV  
  24  2:47  Reaper, Factory  
  25  3:06  SCV  
  25  3:09  Supply Depot  
  25  3:10  Reaper  
  27  3:19  Reaper  
  28  3:21  Barracks  
  27  3:42  Reaper  
  27  3:43  SCV  
  27  3:47  Factory Tech Lab  
  29  3:51  Reaper  
  29  3:56  SCV  
  29  4:05  Starport  
  29  4:08  SCV  
  30  4:10  Barracks Tech Lab  
  30  4:16  Cyclone  
  33  4:26  SCV  
  33  4:31  Stimpack  
  28  4:49  Viking, Marine  
  31  4:57  Engineering Bay  
  30  5:00  Siege Tank  
  30  5:05  SCV  
  30  5:06  Marine  
  34  5:07  Supply Depot  
  34  5:08  Marine  
  34  5:10  Marine  
  37  5:19  Medivac  
  39  5:28  Marine x2  
  39  5:33  Marine  
  42  5:41  Supply Depot  
  42  5:42  Missile Turret  
  42  5:46  Marine x2  
  44  5:53  Siege Tank  
  47  6:02  Marine  
  48  6:04  Marine x2  
  50  6:20  Marine, Supply Depot  
  50  6:22  Marine  
  52  6:29  Marine  
  53  6:37  Marine  
  54  6:40  Marine  
  54  6:41  Combat Shield  
  54  6:47  Marine  
  55  6:52  Medivac  
  58  6:55  Marine  
  58  6:58  Marine  
  58  7:00  Supply Depot  
  60  7:11  Marine  
  60  7:17  Siege Tank  
  60  7:21  Marine  
  60  7:22  Medivac  
  66  7:28  Marine, SCV  
  68  7:31  Marine  
  69  7:42  Bunker  
  67  7:45  Marine, Bunker  
  67  7:47  Marine  
  67  7:49  Marine  
  58  8:03  Marine  
  58  8:05  Marine  
  43  8:07  Marine  
  41  8:15  Siege Tank  
  44  8:21  Marine  
  44  8:23  Marine  
  44  8:24  Marine  
  47  8:39  Marine  
  47  8:41  Marine  
  49  8:42  Marine  
  49  8:57  Marine  
  49  8:58  Marine  
  49  9:00  Marine  
  48  9:14  Marine  
  48  9:16  Marine  
  49  9:18  Marine  
  50  9:32  Marine  
  51  9:45  Marine  
  29  10:12  Marine x2  
  22  10:17  Marine  
  20  10:30  Marine  
  20  10:40  Marine  
  21  10:46  Marine  
  21  10:49  Marine  
Show
View Real Time Build Order
Export as new Build Order

IndyKNerazim Protoss - Winner!

Build Orders: 1 Gate Expand, Oracle Opening 

Get SALT Encoding   

  12  0:01  Probe  
  13  0:13  Probe  
  14  0:18  Pylon  
  14  0:24  Probe  
  15  0:33  Probe  
  15  0:38  Gateway  
  15  0:41  Probe  
  16  0:47  Assimilator  
  17  0:52  Probe  
  18  1:04  Probe  
  19  1:22  Nexus  
  19  1:29  Probe  
  20  1:37  Cybernetics Core  
  20  1:44  Zealot  
  22  1:51  Pylon  
  22  1:55  Probe  
  23  2:04  Adept  
  25  2:18  Assimilator  
  25  2:19  Probe  
  25  2:25  Shield Battery  
  25  2:31  Probe  
  25  2:36  Adept, Stargate  
  25  2:43  Probe  
  27  2:51  Probe  
  28  3:01  Stalker, Shield Battery  
  30  3:14  Oracle  
  30  3:16  Shield Battery  
  31  3:39  Stalker  
  26  3:48  Probe  
  26  4:00  Probe  
  28  4:12  Probe  
  28  4:17  Oracle  
  27  4:24  Probe  
  30  4:37  Probe  
  31  4:42  Probe  
  31  4:47  Warp Gate  
  31  4:49  Probe  
  31  4:50  Probe  
  32  4:59  Probe  
  33  5:01  Probe  
  33  5:04  Gateway  
  35  5:10  Robotics Facility  
  35  5:11  Probe  
  35  5:13  Probe  
  37  5:19  Probe  
  37  5:25  Probe  
  37  5:28  Probe  
  40  5:37  Probe x2  
  40  5:41  Stalker  
  44  5:49  Probe, Pylon  
  45  5:57  Immortal  
  45  5:59  Probe  
  46  6:06  Stalker  
  46  6:08  Probe  
  46  6:09  Shield Battery  
  53  6:15  Probe  
  53  6:18  Pylon  
  54  6:21  Pylon  
  54  6:30  Observer  
  54  6:36  Probe x2  
  54  6:37  Stalker  
  59  6:40  Oracle  
  59  6:45  Stalker  
  59  6:46  Pylon  
  64  6:52  Pylon  
  64  6:53  Gateway  
  65  6:57  Shield Battery  
  65  6:58  Shield Battery  
  64  7:02  Shield Battery  
  64  7:03  Sentry  
  64  7:04  Shield Battery  
  66  7:11  Adept  
  68  7:23  Probe  
  68  7:24  Probe  
  68  7:26  Gateway  
  68  7:27  Adept  
  68  7:28  Gateway  
  68  7:29  Pylon  
  72  7:32  Immortal  
  72  7:34  Adept  
  77  7:45  Probe  
  77  7:48  Zealot  
  72  8:02  Probe  
  52  8:08  Stalker  
  52  8:10  Adept  
  52  8:11  Probe  
  53  8:14  Probe  
  53  8:19  Probe  
  54  8:24  Probe, Adept x2  
  60  8:27  Probe  
  60  8:28  Warp Prism  
  60  8:33  Probe  
  63  8:36  Sentry  
  63  8:39  Probe  
  63  8:41  Probe  
  67  8:44  Adept  
  70  8:51  Adept  
  70  8:52  Adept  
  74  8:59  Probe  
  74  9:01  Adept  
  71  9:15  Adept x2  
  73  9:17  Adept  
  73  9:18  Shield Battery  
  73  9:21  Shield Battery  
  75  9:31  Adept  
  77  9:32  Probe  
  77  9:36  Probe  
  77  9:38  Adept x3  
  85  9:52  Gateway  
  85  9:54  Pylon  
  83  10:01  Adept x3  
  53  10:19  Adept  
  45  10:22  Adept x3  
  51  10:30  Observer  
  51  10:33  Shield Battery x2  
  51  10:44  Adept x4  
  57  10:51  Shield Battery  
  57  10:52  Shield Battery  
  57  10:55  Adept  
Tags
 
Add a new tag
Caveats
  • Supply blocks, unpowered buildings, or Contaminate may cause inaccurate times.
  • Supply counts are checked every 10 seconds.